 Dungeon Crawl Stone Soup version 0.29.0-11-gd7f09526c8 (webtiles) character file.

Game seed: 16152352435377008937

597 smilodon the Covered (level 7, 0/48 HPs)
             Began as a Demonspawn Fighter on Sept 6, 2022.
             Was a Follower of Hepliaklqana.
             Killed by divine providence
             ... invoked by an orc priest
              (13 damage)
             ... on level 5 of the Dungeon.
             The game lasted 00:07:33 (5530 turns).

smilodon the Covered (Demonspawn Fighter)           Turns: 5530, Time: 00:07:33

Health: 0/48       AC:  9    Str: 17 (18) XL:     7   Next: 17%
Magic:  8/8        EV: 10    Int:  9      God:    Hepliaklqana [*.....]
Gold:   261        SH:  6    Dex: 13      Spells: 8/8 levels left

rFire   . . .      SeeInvis .   a - +1 trident
rCold   . . .      Faith    .   c - +1 buckler
rNeg    . . .      Spirit   .   b - +0 scale mail
rPois   .          Reflect  .   (helmet restricted)
rElec   .          Harm     .   r - +0 cloak
rCorr   +          Rampage  .   (no gloves)
Will    .....                   k - +0 pair of boots
Stlth   ..........              (no amulet)
HPRegen 0.16/turn               h - ring of flight
MPRegen 0.11/turn               j - ring of resist corrosion

@: flying
A: reduced essence, antennae 1, demonic magic 1
a: Renounce Religion, Recall Ancestor, Ancestor Identity


You were on level 5 of the Dungeon.
You worshipped Hepliaklqana.
Hepliaklqana was aware of your devotion.
You visited 2 branches of the dungeon, and saw 6 of its levels.

You collected 261 gold pieces.

Inventory:

Hand Weapons
 a - a +1 trident (weapon)
 m - a +2 whip of flaming
Missiles
 l - 3 curare-tipped darts (quivered)
Armour
 b - a +0 scale mail (worn)
 c - a +1 buckler (worn)
 k - a +0 pair of boots (worn)
 r - a +0 cloak (worn)
Jewellery
 h - a ring of flight (left hand)
 j - a ring of resist corrosion (right hand)
 p - a ring of poison resistance
Wands
 o - a wand of roots (9)
Scrolls
 d - a scroll of amnesia {unknown}
 e - 2 scrolls of enchant weapon
 f - a scroll of identify {unknown}
 g - 2 scrolls of blinking
 i - 3 scrolls of fear
Potions
 n - 3 potions of curing
 q - a potion of degeneration


   Skills:
 + Level 4.2 Fighting
 + Level 3.1 Polearms
 * Level 4.6 Armour
 + Level 2.3 Dodging
 + Level 3.8 Shields
 * Level 1.2 Spellcasting
 * Level 2.0 Invocations


You had 8 spell levels left.
You didn't know any spells.
Your spell library contained the following spells:

 Spells                   Type           Power      Damage    Failure   Level
 Magic Dart               Conj           0%         1d3       83%         1
 Call Imp                 Summ           0%         N/A       92%         2
 Sublimation of Blood     Necr           0%         N/A       92%         2
 Wereblood                Tmut           0%         N/A       92%         2
 Frozen Ramparts          Ice            0%         1d1       99%         3
 Gell's Gravitas          Tloc           0%         N/A       99%         3
 Lesser Beckoning         Tloc           0%         N/A       99%         3
 Mephitic Cloud           Conj/Pois/Air  0%         N/A       99%         3
 Summon Guardian Golem    Hex/Summ       0%         N/A       99%         3
 Teleport Other           Tloc           0%         N/A       99%         3
 Ice Form                 Ice/Tmut       0%         N/A       100%        4
 Summon Ice Beast         Ice/Summ       0%         N/A       100%        4
 Orb of Destruction       Conj           0%         9d5       100%        7
 Spellforged Servitor     Conj/Summ      0%         N/A       100%        7
 Summon Hydra             Summ           0%         N/A       100%        7


Dungeon Overview and Level Annotations

Branches:
Dungeon (5/15)             Temple (1/1) D:4

Altars:
Ashenzari
Gozag
Hepliaklqana
Kikubaaqudgha
Okawaru
Qazlal
Uskayaw
Vehumet
Xom
Yredelemnul

Annotations:
D:4 1 runed translucent door, anonymouscript's ghost, weakling MeFi
Temple 4 transporters


Innate Abilities, Weirdness & Mutations

Your life essence is reduced to manifest your ancestor. (-10% HP)
You have a pair of small antennae on your head.
Spells you cast may paralyse adjacent enemies.


Message History

The orc priest is lightly wounded.
You hear some strange, mumbled words.
Something tries to affect you, but you resist.
You reach to attack!
You barely miss the orc priest.
The orc priest is lightly wounded.
The orc priest looks braver for a moment.
Something hits you but does no damage. x2
You reach to attack!
You barely miss the orc priest.
The orc priest is lightly wounded.
The orc priest mumbles some strange prayers to Beogh against you.
A magic dart appears from out of thin air!
The magic dart hits you. Something you can't see is in the way.
You barely miss something. Something hits you but does no damage.
You reach to attack!
You closely miss the orc priest.
The orc priest is lightly wounded.
The orc priest mumbles some strange prayers to Beogh against you.
Beogh smites you! Something hits you but does no damage.
Something you can't see is in the way.
You barely miss something. Something hits you but does no damage.
You reach to attack!
You hit the orc priest.
The orc priest is heavily wounded.
The orc priest casts a cantrip, but nothing happens.
You block something's attack.
An orc priest comes into view. It is wielding a +0 flail.
You reach to attack!
The orc priest shouts!
You hit the orc priest.
The orc priest is severely wounded.
You hear some strange, mumbled words.
A magic dart appears from out of thin air!
The magic dart hits you.
The orc priest invokes the aid of Beogh against you.
Beogh smites you!
* * * LOW HITPOINT WARNING * * *
You block something's attack.
You are too injured to fight recklessly!
The orc priest invokes the aid of Beogh against you.
Beogh smites you!
You die...

#........# ##...##
#.######## ##.## #.# #.#
#.# #.# #.# ##'## #.#
##...## #.# ##.....# #.#
## ##.......
..#.####@#...## #..<.....
.o..oo{R.>......+........
#.#.####.#...####........
#.##.## ##....... #.# ##
##.....# ... ##...## #..
##+## #.#. .##


You could see the friendly Agathocles the ancestor, 2 orc priests and an orc.

Vanquished Creatures
  A phantom (D:4)
  Blork the orc (D:5)
  A kobold brigand (D:5)
  A scorpion (D:4)
  A hound (D:4)
  A gnoll bouda (D:4)
  2 orc wizards (D:4)
  3 gnolls (D:5)
  4 adders
  2 worms
  5 dart slugs
  8 orcs
  3 ball pythons
  6 bats
  12 endoplasms
  4 giant cockroaches
  7 hobgoblins
  8 jackals (D:1)
  4 quokkas
  5 frilled lizards
  6 goblins
  11 kobolds
  4 rats
100 creatures vanquished.

Vanquished Creatures (collateral kills)
  An adder (D:5)
  2 gnolls (D:5)
3 creatures vanquished.

Vanquished Creatures (others)
  An ancestor (D:5)
1 creature vanquished.

Grand Total: 104 creatures vanquished

Notes
Turn   | Place    | Note
-------+----------+-------------------------------------------
     0 | D:1      | smilodon the Demonspawn Fighter began the quest for the
                  | Orb.
     0 | D:1      | Reached XP level 1. HP: 18/18 MP: 1/1
   198 | D:1      | Gained mutation: You have a pair of small antennae on your
                  | head. [demonic ancestry]
   198 | D:1      | Reached XP level 2. HP: 24/24 MP: 2/2
   991 | D:1      | Reached XP level 3. HP: 29/29 MP: 3/3
  1424 | D:2      | Found a faded altar of an unknown god.
  1521 | D:2      | Gained mutation: Spells you cast may paralyse adjacent
                  | enemies. [demonic ancestry]
  1521 | D:2      | Reached XP level 4. HP: 35/35 MP: 4/4
  2340 | D:3      | Reached skill level 1 in Dodging
  3254 | D:4      | Found a staircase to the Ecumenical Temple.
  3270 | D:4      | Found a broken altar of Ashenzari.
  3329 | D:4      | Reached XP level 5. HP: 35/41 MP: 5/5
  3332 | Temple   | Entered the Ecumenical Temple
  3332 | Temple   | Found a transporter.
  3332 | Temple   | Found a transporter.
  3375 | Temple   | Found a transporter.
  3375 | Temple   | Found a transporter.
  3391 | Temple   | Became a worshipper of Hepliaklqana the Forgotten
  3453 | D:4      | Noticed a phantom
  3458 | D:4      | Killed a phantom
  3506 | D:4      | Found a runed translucent door.
  3506 | D:4      | Noticed anonymouscript's ghost (weakling MeFi)
  3874 | D:4      | Found a hide-covered altar of Uskayaw.
  3931 | D:4      | Reached XP level 6. HP: 32/48 MP: 6/6
  4706 | D:5      | Entered Level 5 of the Dungeon
  4752 | D:5      | Reached skill level 1 in Invocations
  4914 | D:5      | Reached * piety under Hepliaklqana
  4970 | D:5      | Noticed Blork the orc
  4976 | D:5      | Killed Blork the orc
  4977 | D:5      | Reached skill level 1 in Spellcasting
  4984 | D:5      | Reached XP level 7. HP: 46/48 MP: 6/8
  5530 | D:5      | Killed from afar by an orc priest

Illustrated notes

Levels and vault maps discovered:
D:1:      tarquinn_simple_flora_water_d, layout_basic
D:2:      layout_loops_ring, nicolae_ecumenical_lake_church
D:3:      layout_basic
D:4:      layout_loops_corners, ashenzari_conservatory_becter,
          mainiacjoe_overflow_boulevard, minmay_temple_entry_slanted,
          hellmonk_ghost_happy_afterlife
D:5:      layout_loops_corners, gammafunk_ghost_grave, grunt_decor_fettered,
          uniq_sigmund, uniq_blork_the_orc
Temple:   hellmonk_temple_divided_pantheon

Skill      XL: |  1  2  3  4  5  6  7 |
---------------+----------------------+-----
Polearms       | 2 3 |  3.1
Shields        | 3 |  3.8
Armour         | 3 4 |  4.6
Dodging        | 1 2 |  2.3
Fighting       | 4 |  4.2
Invocations    | 1 2 |  2.0
Spellcasting   | 1 |  1.2

Action                   |  1- 3 |  4- 6 |  7- 9 || total
-------------------------+-------+-------+-------++-------
Melee: Trident           |   147 |   245 |    29 ||   421
Throw: Dart              |       |     3 |       ||     3
  Use: Potion            |     2 |     8 |       ||    10
       Scroll            |     2 |     4 |       ||     6
Armor: Scale mail        |    86 |   110 |    13 ||   209
Dodge: Dodged            |    74 |    77 |     6 ||   157
Block: Buckler           |    35 |    58 |     7 ||   100
